 Dungeon Crawl Stone Soup version 0.32-a0-960-g3814254bd7 (webtiles) character file.

Game seed: 553581490869653724

153366 Maxmaps the Bludgeoner (level 17, -1/184 HPs)
             Began as an Oni Monk on Apr 17, 2024.
             Was the Champion of the Shining One.
             Slain by a +1 halberd of venom (11 damage)
             ... on level 2 of the Elven Halls.
             The game lasted 00:58:43 (33305 turns).

Maxmaps the Bludgeoner (Oni Monk)                  Turns: 33305, Time: 00:58:44

Health: -1/184     AC: 12    Str: 19    XL:     17   Next: 60%
Magic:  0/27       EV:  8    Int: 13    God:    the Shining One [******]
Gold:   1922       SH: 37    Dex: 13    Spells: 16/16 levels left

rFire   + + .        d - +2 eveningstar (protect)
rCold   + . .        f - +10 tower shield of Ignorance {rN+ Int-4}
rNeg    + + +        A - +0 fire dragon scales
rPois   .            U - +0 hat of the Wonderful God {rC+ Dex+2}
rElec   .            (no cloak)
rCorr   +            (gloves unavailable)
SInv    .            (boots unavailable)
Will    +....        E - amulet of guardian spirit Stlth
                     u - ring of protection from cold
HPRegen 0.50/turn    z - ring of resist corrosion
MPRegen 0.20/turn

%: guardian spirit
@: lethally poisoned (-1 -> -5), divinely shielded, glowing, studying
Spellcasting
A: large, unfitting armour, horns 1, tough skin 1, double potion healing,
drunken brawling
a: Renounce Religion, Divine Shield, Cleansing Flame, Summon Divine Warrior,
Brand Weapon With Holy Wrath


You were on level 2 of the Elven Halls.
You worshipped the Shining One.
The Shining One was exalted by your worship.
You visited 4 branches of the dungeon, and saw 24 of its levels.
You visited the Abyss 1 time.
You visited 1 bazaar.
You also visited: Gauntlet and Ice Cave.

You collected 2716 gold pieces.
You spent 794 gold pieces at shops.

Inventory:

Hand Weapons
 d - a +2 eveningstar of protection (weapon)
Missiles
 G - a throwing net (quivered)
Armour
 f - the +10 tower shield of Ignorance (worn) {rN+ Int-4}
   (You acquired it on level 4 of the Dungeon)

   Int-4:     It affects your intelligence (-4).
   rN+:       It protects you from negative energy.
 A - +0 fire dragon scales (worn)
 U - the +0 hat of the Wonderful God (worn) {rC+ Dex+2}
   (You found it in a Gauntlet)

   Dex+2:     It affects your dexterity (+2).
   rC+:       It protects you from cold.
Magical Staves
 j - a staff of conjuration
Jewellery
 s - a ring of protection from fire
 u - a ring of protection from cold (left hand)
 z - a ring of resist corrosion (right hand)
 E - an amulet of guardian spirit (around neck)
Talismans
 v - a maw talisman
Wands
 a - a wand of flame (26)
 m - a wand of iceblast (35)
 t - a wand of mindburst (11)
 y - a wand of paralysis (19)
 J - a wand of quicksilver (7)
 O - a wand of polymorph (14)
Scrolls
 h - a scroll of silence
 i - 3 scrolls of poison
 p - a scroll of immolation
 q - 4 scrolls of enchant weapon
 x - 5 scrolls of amnesia
 L - 2 scrolls of vulnerability
 P - 3 scrolls of enchant armour
 R - 7 scrolls of identify
 W - 3 scrolls of fog
Potions
 c - 3 potions of ambrosia
 g - 12 potions of curing
 k - a potion of attraction
 n - 4 potions of mutation
 r - 5 potions of enlightenment
 B - 3 potions of lignification
 C - 3 potions of haste
 D - 4 potions of berserk rage
 F - 2 potions of invisibility
 H - a potion of degeneration
 M - a potion of brilliance
Miscellaneous
 V - a condenser vane (inert)


   Skills:
 - Level 15.0 Fighting
 - Level 16.1 Maces & Flails
 - Level 9.1 Armour
 - Level 12.3 Dodging
 - Level 10.3 Shields
 - Level 14.1 Invocations
 + Level 9.1 Evocations


You had 16 spell levels left.
You didn't know any spells.
Your spell library contained the following spells:

 Spells                   Type           Power      Damage    Failure   Level
 Sting                    Conj/Alch      0%         1d3       99%         1
 Blink                    Tloc           0%         N/A       100%        2
 Ensorcelled Hibernation  Hex/Ice        0%         N/A       100%        2
 Jinxbite                 Hex            0%         N/A       100%        2
 Lesser Beckoning         Tloc           0%         N/A       100%        2
 Mercury Vapours          Alch/Air       0%         N/A       100%        2
 Momentum Strike          Conj/Tloc      0%         3d8       100%        2
 Static Discharge         Conj/Air       0%         3-3/arc   100%        2
 Fugue of the Fallen      Necr           0%         N/A       100%        3
 Inner Flame              Hex/Fire       0%         N/A       100%        3
 Stone Arrow              Conj/Erth      0%         3d7       100%        3
 Volatile Blastmotes      Fire/Tloc      0%         2d10      100%        3
 Airstrike                Air            0%         2d(0-16)  100%        4
 Anguish                  Hex/Necr       0%         N/A       100%        4
 Animate Armour           Summ/Erth      0%         N/A       100%        4
 Dimensional Bullseye     Hex/Tloc       0%         N/A       100%        4
 Olgreb's Toxic Radiance  Alch           0%         N/A       100%        4
 Passage of Golubria      Tloc           0%         N/A       100%        4
 Petrify                  Alch/Erth      0%         N/A       100%        4
 Summon Lightning Spire   Summ/Air       0%         N/A       100%        4
 Irradiate                Conj/Alch      0%         3d11      100%        5
 Summon Forest            Summ/Tloc      0%         N/A       100%        5
 Summon Mana Viper        Hex/Summ       0%         N/A       100%        5
 Yara's Violent Unravell  Hex/Alch       0%         3d3       100%        5
 Sculpt Simulacrum        Ice/Alch       0%         N/A       100%        6
 Summon Cactus Giant      Summ           0%         N/A       100%        6
 Enfeeble                 Hex            0%         N/A       100%        7
 Malign Gateway           Summ/Tloc      0%         N/A       100%        7
 Manifold Assault         Tloc           0%         N/A       100%        7
 Ozocubu's Refrigeration  Ice            0%         4d7       100%        7
 Seismic Cannonade        Alch/Erth      0%         6d4       100%        7
 Fulsome Fusillade        Conj/Alch      0%         (3-5)d4   100%        8
 Ignition                 Fire           0%         3d3       100%        8
 Lehudib's Crystal Spear  Conj/Erth      0%         10d2      100%        8
 Polar Vortex             Ice            0%         N/A       100%        9


Dungeon Overview and Level Annotations

Branches:
Dungeon (15/15)            Temple (0/1) D:6            Lair (5/5) D:10
  Swamp (0/4) Lair:2        Snake (0/4) Lair:2        Slime (0/5) Lair:4
    Orc (2/2) D:12            Elf (2/3) Orc:2        Vaults (0/5) D:14
 Depths (0/4) D:15          IceCv (visited)         Gauntlet (visited)

Altars:
Ashenzari
Gozag
Hepliaklqana
Nemelex Xobeh
Qazlal
Ru
Sif Muna
Uskayaw
Vehumet
Wu Jian
Xom
The Shining One
Beogh
Jiyva

Shops:
Orc:2 *[!:   Elf:1 (![=

Portals:
Pandemonium: Orc:2
Trove: D:10 (give 5 scrolls of fog)

Annotations:
D:8 2 transporters, knightboat's ghost, novice MDEE
Lair:3 exclusion: oklob plant
Elf:2 Zenata


Innate Abilities, Weirdness & Mutations

You are too large for most types of armour.
You have a pair of small horns on your head.
You have tough skin. (AC +1)
You gain doubled healing and magic from potions.
Whenever you drink a healing potion, you attack all around you.


Message History

Your shield is strengthened by the Shining One's divine power.
The +1 short sword of speed hits you but does no damage.
You block the +1 short sword of speed's attack.
You block the +1 halberd of venom's attack.
You block the +1 short sword of speed's attack.
The +1 short sword of speed hits you.
* * * LOW HITPOINT WARNING * * *
You block the +1 halberd of venom's attack.
The +1 short sword of speed hits you!
* * * LOW HITPOINT WARNING * * *
Unknown command.
You take a swig of the potion and twirl your +2 eveningstar of protection.
You closely miss the +1 short sword of speed.
You savour every drop.
You feel better. The +1 short sword of speed hits you.
* * * LOW HITPOINT WARNING * * *
You block the +1 short sword of speed's attack. x2
You block the +1 halberd of venom's attack.
A deep elf pyromancer comes into view. It is wielding a +0 long sword.
You block the +1 short sword of speed's attack.
The +2 trident of protection hits you from afar.
* * * LOW HITPOINT WARNING * * *
Okay, then.
Okay, then.
Clouds condense from the air!
The condenser dries out!
The deep elf pyromancer shouts!
You block the +1 short sword of speed's attack.
The +1 short sword of speed is engulfed in freezing vapours.
You block the +1 short sword of speed's attack.
You block the +2 trident of protection's attack.
You block the +1 short sword of speed's attack.
The +1 mace of protection is engulfed in freezing vapours.
The +1 halberd of venom hits you from afar.
* * * LOW HITPOINT WARNING * * *
You are poisoned.
The +2 trident of protection hits you from afar.
* * * LOW HITPOINT WARNING * * *
The +1 short sword of speed hits you.
* * * LOW HITPOINT WARNING * * *
The +1 halberd of venom hits you from afar!
You die...

, +.. .#§... ##..
#.§.e. #...
.##.....## #...
#..#.....# #...
....#....# #..
.....#...# +..
......#..# ###
.......#@# #
.....§((## #
.....§((# #
.....§§(## #
......(#.# #
......#..# #
.....#...# #
....#(...#
........#..#.....#


You could see a deep elf pyromancer and 6 dancing weapons.

Vanquished Creatures
  Asterion (Elf:2)
  A tentacled starspawn (Abyss:2)
  An Executioner (Abyss:2)
  Kirke (Lair:4)
  A deep elf demonologist (Elf:1)
  An eleionoma (Lair:2)
  A deep elf annihilator (D:15)
  A dire elephant (D:15)
  A deep elf death mage (Elf:1)
  Josephine (D:12)
  A fire dragon (D:14)
  4 hydras
  A vault guard (D:14)
  4 centaur warriors
  2 demonspawn (Orc:2)
  A catoblepas (D:14)
  A death knight (D:15)
  A two-headed ogre (D:12)
  3 boulder beetles
  6 dancing weapons
  An orc high priest (Orc:2)
  A soul eater (Orc:2)
  4 death yaks
  11 deep elf knights
  4 deep elf archers
  A salamander mystic (D:15)
  3 skeletal warriors
  2 arcanists
  14 deep elf pyromancers
  4 orc knights
  A phantasmal warrior (Lair:4)
  2 obsidian bats
  9 thermic dynamos
  3 necromancers (Elf:1)
  4 cyclopes
  10 ugly things
  11 deep elf zephyrmancers
  3 wolf spiders
  2 oklob plants
  9 orc sorcerers
  3 kobold blastminers
  10 elephants
  A guardian serpent (Lair:5)
  10 black mambas
  An apocalypse crab (Abyss:2)
  A gargoyle (D:12)
  A rust devil (Orc:2)
  7 large abominations
  15 cane toads
  An unseen horror (D:12)
  A rime drake (D:10)
  A freezing wraith (D:15)
  A kobold demonologist (D:11)
  An efreet (D:14)
  15 komodo dragons
  A red devil (Orc:2)
  A hellwing (Gauntlet)
  A polar bear (shapeshifter) (D:14)
  2 trolls (D:12)
  Prince Ribbit (D:6)
  3 polar bears
  Grinder (D:4)
  4 hornets
  11 blink frogs
  7 raiju (Abyss:2)
  3 slime creatures
  A water elemental (Elf:1)
  7 wraiths
  A ynoxinul (Orc:2)
  3 shadows
  19 wyverns
  A spriggan (Lair:1)
  2 fire bats (Abyss:2)
  A vampire (D:7)
  2 basilisks
  56 yaks
  2 hogs
  A human (Lair:4)
  A human (shapeshifter) (D:14)
  A steam dragon (D:8)
  6 wargs
  2 redbacks (Lair:5)
  A death yak simulacrum (Lair:2)
  8 vampire mosquitoes
  A chaos spawn (Abyss:2)
  3 nagas (Lair:2)
  2 acid dragons (Gauntlet)
  25 water moccasins
  A laughing skull (D:14)
  32 orc warriors
  5 black bears
  10 ice beasts
  A sky beast (D:7)
  19 wolves
  6 ogres
  3 boggarts (D:15)
  8 centaurs
  2 weeping skulls (Abyss:2)
  A phantom (D:5)
  2 kobold brigands
  3 elf zombies (Elf:1)
  6 bullfrogs
  A gnoll sergeant (D:8)
  2 small abominations (Abyss:2)
  3 scorpions (D:5)
  9 wights (D:9)
  10 killer bees
  An oklob sapling (D:12)
  4 howler monkeys
  4 electric eels
  A bombardier beetle (D:5)
  A jelly (D:5)
  3 hounds
  19 orc priests
  2 gnoll boudas
  3 iguanas
  Ijyb (D:3)
  15 orc wizards
  2 polar bear simulacra (IceCv)
  2 wolf simulacra (IceCv)
  Robin (D:3)
  15 adders
  11 gnolls
  3 shadow imps
  5 white imps
  3 dart slugs
  2 ribbon worms (D:4)
  63 orcs
  3 bats (D:2)
  8 endoplasms
  2 giant cockroaches (D:2)
  8 hobgoblins
  4 jackals
  A quokka (D:1)
  17 ball pythons
  3 frilled lizards
  15 goblins
  17 kobolds
  5 rats
751 creatures vanquished.

Vanquished Creatures (collateral kills)
  A deep elf blademaster (Elf:2)
  A tentacled starspawn (Abyss:2)
  A reaper (Gauntlet)
  A minotaur (Gauntlet)
  3 vault guards (D:14)
  A hydra (Lair:5)
  10 dancing weapons (Elf:2)
  A two-headed ogre (D:14)
  Urug (Lair:4)
  2 deep elf knights (Elf:2)
  Nergalle (D:12)
  A wretched star (Abyss:2)
  3 skeletal warriors (D:14)
  2 orc knights (Orc:2)
  3 orc sorcerers (Orc:2)
  2 deep elf zephyrmancers (Elf:2)
  A manticore (D:14)
  An ugly thing (IceCv)
  A moth of wrath (Gauntlet)
  A black mamba (Lair:5)
  An apocalypse crab (Abyss:2)
  2 ice statues (IceCv)
  3 large abominations (Abyss:2)
  A rime drake (Lair:4)
  An anaconda simulacrum (IceCv)
  A freezing wraith (D:14)
  A harpy zombie (Abyss:2)
  2 hellwings (Gauntlet)
  A troll (D:13)
  A blink frog (Lair:4)
  4 raiju (Abyss:2)
  6 slime creatures
  A fire bat (Abyss:2)
  A wraith (D:14)
  3 yaks (Lair:4)
  2 redbacks (Gauntlet)
  A neqoxec (Abyss:2)
  A water moccasin (Lair:5)
  3 orc warriors
  A bullfrog (Lair:4)
  5 orc priests
  3 orc wizards (Orc:2)
  A polar bear simulacrum (IceCv)
  11 orcs
95 creatures vanquished.

Vanquished Creatures (others)
  An ugly thing (IceCv)
  A small abomination (Abyss:2)
  A black bear (D:8)
  An orc (D:8)
  A goblin (D:3)
  4 starspawn tentacles (Abyss:2)
9 creatures vanquished.

Grand Total: 855 creatures vanquished

Notes
Turn   | Place    | Note
-------+----------+-------------------------------------------
     0 | D:1      | Maxmaps the Oni Monk began the quest for the Orb.
     0 | D:1      | Reached XP level 1. HP: 24/24 MP: 1/1
   164 | D:1      | Reached XP level 2. HP: 32/32 MP: 2/2
   528 | D:1      | Reached skill level 4 in Maces & Flails
   719 | D:1      | Reached XP level 3. HP: 39/39 MP: 3/3
   845 | D:2      | Found a faded altar of an unknown god.
  1189 | D:2      | Reached XP level 4. HP: 47/48 MP: 4/4
  1545 | D:2      | Reached skill level 5 in Maces & Flails
  1761 | D:3      | Found a glowing golden altar of the Shining One.
  1775 | D:3      | Became a worshipper of the Shining One
  1775 | D:3      | Reached * piety under the Shining One
  1775 | D:3      | Reached ** piety under the Shining One
  1792 | D:3      | Identified the +0 helmet of Elyvilon's Regard {MP+9 Str+3
                  | SInv}
  1792 | D:3      | Noticed Robin
  1806 | D:3      | Killed Robin
  1818 | D:3      | Reached XP level 5. HP: 40/54 MP: 5/5
  1926 | D:3      | Noticed Ijyb
  1933 | D:3      | Killed Ijyb
  2310 | D:3      | Reached skill level 6 in Maces & Flails
  2401 | D:3      | Found a sparkling altar of Nemelex Xobeh.
  2621 | D:4      | Noticed Grinder
  2634 | D:4      | Killed Grinder
  2635 | D:4      | Reached skill level 7 in Maces & Flails
  2635 | D:4      | Reached XP level 6. HP: 34/62 MP: 6/6
  2793 | D:4      | Found a hazy altar of Hepliaklqana.
  2910 | D:4      | Found an opulent altar of Gozag.
  2926 | D:4      | Found a broken altar of Ashenzari.
  2979 | D:4      | Noticed a black bear
  2982 | D:4      | Killed a black bear
  2983 | D:4      | Reached skill level 8 in Maces & Flails
  2983 | D:4      | Reached XP level 7. HP: 57/70 MP: 7/7
  3358 | D:4      | Identified a scroll of acquirement
  3358 | D:4      | Acquired the +10 tower shield of Ignorance {rN+ Int-4}
  3358 | D:4      | Found the +10 tower shield of Ignorance {rN+ Int-4}
  3381 | D:5      | Entered Level 5 of the Dungeon
  3394 | D:5      | Reached skill level 1 in Shields
  3518 | D:5      | Identified the amulet of Lust {Faith Harm}
  3652 | D:5      | Reached XP level 8. HP: 67/78 MP: 8/8
  3662 | D:5      | Noticed a yak
  3674 | D:5      | Killed a yak
  3675 | D:5      | Reached skill level 5 in Shields
  3965 | D:6      | Noticed Prince Ribbit
  3980 | D:6      | Killed Prince Ribbit
  4068 | D:6      | Reached XP level 9. HP: 84/84 MP: 9/9
  4121 | D:6      | Found a staircase to the Ecumenical Temple.
  5454 | D:7      | Reached skill level 10 in Shields
  5783 | D:8      | Reached *** piety under the Shining One
  5788 | D:8      | Noticed knightboat's ghost (novice MDEE)
  5822 | D:8      | Reached XP level 10. HP: 52/92 MP: 10/12
  5917 | D:8      | Reached skill level 5 in Invocations
  6229 | D:8      | Found a transporter.
  6233 | D:8      | Found a transporter.
  6385 | D:8      | Found a radiant altar of Vehumet.
  7079 | D:8      | Found a hide-covered altar of Uskayaw.
  7079 | D:8      | Found a stormy altar of Qazlal.
  7391 | D:9      | Identified the +7 spear of the Depths {distort, rPois rN+
                  | Str-5 Int+8}
  7450 | D:9      | Found a shimmering altar of Xom.
  7647 | D:9      | Reached **** piety under the Shining One
  7673 | D:9      | Reached skill level 5 in Fighting
  7832 | D:9      | Found a sacrificial altar of Ru.
  8157 | D:10     | Entered Level 10 of the Dungeon
  8257 | D:10     | Found a portal to a secret trove of treasure.
  8678 | D:10     | Reached XP level 11. HP: 111/111 MP: 17/17
  8689 | D:10     | Found a staircase to the Lair.
  8871 | D:10     | Found an ornate altar of the Wu Jian Council.
  8962 | D:10     | Reached skill level 10 in Fighting
  9678 | D:11     | Noticed a soul eater
  9994 | D:11     | Reached ***** piety under the Shining One
 10326 | D:12     | Noticed a two-headed ogre
 10333 | D:12     | Killed a two-headed ogre
 10710 | Lair:1   | Entered Level 1 of the Lair of Beasts
 11094 | D:10     | Reached skill level 10 in Invocations
 11128 | D:10     | Reached XP level 12. HP: 41/137 MP: 7/19
 12497 | Lair:2   | Found a staircase to the Swamp.
 12497 | Lair:2   | Noticed an eleionoma
 12569 | Lair:2   | Found a frozen archway.
 12583 | IceCv    | Entered an ice cave
 12590 | IceCv    | Found a transporter.
 12604 | IceCv    | Found a transporter.
 12620 | IceCv    | HP: 6/137 [ice statue/bolt of cold (13)]
 12953 | Lair:2   | Noticed a death yak
 12954 | Lair:2   | Noticed a death yak
 12972 | Lair:2   | Noticed a death yak
 12975 | Lair:2   | Killed a death yak
 12984 | Lair:2   | Killed a death yak
 12991 | Lair:2   | Killed a death yak
 12992 | Lair:2   | Reached skill level 9 in Maces & Flails
 13584 | Lair:2   | Found a staircase to the Snake Pit.
 14209 | Lair:2   | Killed an eleionoma
 14210 | Lair:2   | Reached skill level 10 in Maces & Flails
 14210 | Lair:2   | Reached XP level 13. HP: 70/145 MP: 13/23
 15323 | Lair:3   | Reached skill level 11 in Maces & Flails
 16216 | Lair:3   | Reached skill level 12 in Maces & Flails
 16833 | Lair:4   | Noticed Kirke
 16972 | Lair:4   | Found a gate leading to a gauntlet.
 16982 | Gauntlet | Entered a Gauntlet
 16982 | Gauntlet | Found a transporter.
 17031 | Gauntlet | Found a transporter.
 17031 | Gauntlet | Found a transporter.
 17032 | Gauntlet | Found a transporter.
 17043 | Gauntlet | Found a transporter.
 17043 | Gauntlet | Found a transporter.
 17044 | Gauntlet | Found a transporter.
 17054 | Gauntlet | Found a transporter.
 17056 | Gauntlet | Found a transporter.
 17057 | Gauntlet | Found a transporter.
 17060 | Gauntlet | Noticed a reaper
 17065 | Gauntlet | Found a transporter.
 17068 | Gauntlet | Found a transporter.
 17069 | Gauntlet | Found a transporter.
 17073 | Gauntlet | Found a runed translucent door.
 17073 | Gauntlet | Found a runed translucent door.
 17077 | Gauntlet | Found a transporter.
 17286 | Gauntlet | Identified the +0 hat of Pandemonium {Harm rN+ Str-5}
 17289 | Gauntlet | Reached skill level 13 in Maces & Flails
 17294 | Gauntlet | Killed a reaper
 17333 | Gauntlet | Identified the +9 war axe of Doom {antimagic, ^Drain Fly
                  | Str+3}
 17333 | Gauntlet | Noticed a minotaur
 17342 | Gauntlet | Killed a minotaur
 17392 | Gauntlet | Got the Book of Angles
 17394 | Gauntlet | Identified the +0 hat of the Wonderful God {rC+ Dex+2}
 17394 | Gauntlet | Identified the +0 ring mail "Mifeagrydau" {MP+9 Int+3
                  | Slay-6}
 17409 | Gauntlet | Identified the +0 pair of gloves "Sijai" {SInv}
 17547 | Lair:4   | Reached skill level 14 in Maces & Flails
 17916 | Lair:4   | You fall into a shaft and drop 1 floor!
 17916 | Lair:5   | Entered Level 5 of the Lair of Beasts
 17937 | Lair:5   | Reached skill level 1 in Armour
 17948 | Lair:5   | Reached XP level 14. HP: 34/154 MP: 11/24
 18355 | Lair:5   | Reached skill level 5 in Armour
 20632 | Lair:4   | Noticed Urug
 20637 | Lair:4   | Identified the -1 tower shield "Luaniresib" {rPois Int+3}
 20653 | Lair:4   | Killed Urug
 20938 | Lair:4   | Killed Kirke
 20992 | Lair:4   | Found a staircase to the Slime Pits.
 20997 | Lair:4   | Found a viscous altar of Jiyva.
 21039 | Lair:4   | Reached skill level 15 in Maces & Flails
 21602 | Lair:4   | Found a runed translucent door.
 22510 | D:12     | Noticed Josephine
 22530 | D:12     | Killed Josephine
 22634 | D:12     | Reached XP level 15. HP: 162/162 MP: 23/25
 22722 | D:12     | Noticed Nergalle
 22730 | D:12     | Killed Nergalle
 22750 | D:12     | Reached skill level 16 in Maces & Flails
 23101 | D:12     | Found a staircase to the Orcish Mines.
 24447 | D:14     | Acquired a +2 eveningstar of protection
 24784 | D:14     | Found a gate to the Vaults.
 24790 | D:14     | Reached skill level 5 in Dodging
 25571 | Orc:1    | Entered Level 1 of the Orcish Mines
 25727 | Orc:1    | Found a roughly hewn altar of Beogh.
 25819 | Orc:1    | Found a roughly hewn altar of Beogh.
 26238 | Orc:2    | Entered Level 2 of the Orcish Mines
 26635 | Orc:2    | Found a staircase to the Elven Halls.
 26636 | Orc:2    | Found a flickering gateway to a bazaar.
 26662 | Bazaar   | Entered a bazaar
 26666 | Bazaar   | Found Diqiys's Distillery.
 26688 | Bazaar   | Found Olaprips's Antique Armour Emporium.
 26709 | Bazaar   | Found Leciledd's Weapon Boutique.
 26729 | Bazaar   | Found Souq's Antique Weapon Shoppe.
 26756 | Bazaar   | Bought a potion of haste for 140 gold pieces
 26756 | Bazaar   | Bought 2 potions of heal wounds for 140 gold pieces
 26756 | Bazaar   | Bought a potion of haste for 140 gold pieces
 26756 | Bazaar   | Bought a potion of curing for 42 gold pieces
 26756 | Bazaar   | Bought a potion of heal wounds for 70 gold pieces
 26756 | Bazaar   | Bought 2 potions of curing for 84 gold pieces
 26855 | Orc:2    | Found Kuoprox's Distillery.
 26868 | Orc:2    | Found Potatz's General Store.
 26898 | Orc:2    | Reached ****** piety under the Shining One
 26920 | Orc:2    | Bought a potion of heal wounds for 65 gold pieces
 26920 | Orc:2    | Bought a potion of heal wounds for 65 gold pieces
 26992 | Orc:2    | Paralysed by an orc sorcerer for 4 turns
 27016 | Orc:2    | Paralysed by an orc sorcerer for 2 turns
 27041 | Orc:2    | Reached XP level 16. HP: 161/171 MP: 23/26
 27062 | Orc:2    | Reached skill level 10 in Dodging
 27096 | Orc:2    | Found Unkama's Antique Armour Shoppe.
 27096 | Orc:2    | Found Juagecel's Book Emporium.
 27097 | Orc:2    | Found a one-way gate leading to the halls of Pandemonium.
 27272 | Orc:2    | Found a shimmering blue altar of Sif Muna.
 27644 | D:15     | Entered Level 15 of the Dungeon
 28762 | D:15     | Found a staircase to the Depths.
 29328 | Elf:1    | Entered Level 1 of the Elven Halls
 31171 | Elf:1    | Reached skill level 15 in Fighting
 31198 | Elf:1    | Reached skill level 1 in Evocations
 31391 | Elf:1    | Noticed an Executioner
 31401 | Elf:1    | Noticed an Executioner
 31403 | Elf:1    | Noticed an Ice Fiend
 31754 | Elf:1    | Found Vaudghop's Jewellery Emporium.
 31757 | Elf:1    | Found Orripsy's Armour Emporium.
 31757 | Elf:1    | Found Hufilecryppo's Distillery.
 31762 | Elf:1    | Found Liere's Antique Weapon Shoppe.
 31777 | Elf:1    | Bought a potion of curing for 48 gold pieces
 32129 | Elf:1    | Reached XP level 17. HP: 175/184 MP: 27/27
 32395 | Elf:2    | Reached skill level 5 in Evocations
 32547 | Elf:2    | Noticed a deep elf blademaster
 32570 | Abyss:2  | Found a corrupted altar of Lugonu.
 32570 | Abyss:2  | Cast into level 2 of the Abyss (+3 bardiche of distortion)
 32629 | Abyss:2  | Found a corrupted altar of Lugonu.
 32688 | Abyss:2  | Noticed an Executioner
 32702 | Abyss:2  | Killed an Executioner
 32741 | Abyss:2  | Noticed a tentacled starspawn
 32746 | Abyss:2  | Killed a tentacled starspawn
 32769 | Abyss:2  | Found a corrupted altar of Lugonu.
 32841 | Abyss:2  | Noticed a tentacled starspawn
 32853 | Abyss:2  | Killed a tentacled starspawn
 32856 | Elf:2    | Escaped the Abyss
 32869 | Elf:2    | Killed a deep elf blademaster
 33055 | Elf:2    | Noticed Asterion
 33058 | Elf:2    | Noticed an Executioner
 33071 | Elf:2    | Killed Asterion
 33280 | Elf:2    | Noticed Zenata
 33305 | Elf:2    | Slain by a +1 halberd of venom

Illustrated notes

Levels and vault maps discovered:
D:1:      dpeg_arrival_leaves_temple_mockup, layout_basic
D:2:      minmay_wonky_spiral, layout_basic,
          ebering_ecumenical_altar_sacrificial
D:3:      layout_loops_ring, nemelex_dance_club_becter,
          mainiacjoe_overflow_boulevard, grunt_decor_arrowhead, uniq_robin,
          uniq_ijyb
D:4:      layout_loops_ring, nicolae_hepliaklqana_hazy_memory,
          lemuel_round_altar, cheibrodos_ashenzari_chains,
          kennysheep_generic_room_10, uniq_grinder
D:5:      layout_cave_pools, st_stairs_14, minmay_manual_mess
D:6:      layout_loops_ring, minmay_temple_entry_stoned_glass,
          uniq_prince_ribbit1
D:7:      layout_loops_ring, dk_noncrumbling_3, corner_web_ring
D:8:      layout_loops_corners, amcnicky_altar_gilded,
          nicolae_overflow_two_pavilions, nzn_ghost_randoct,
          minmay_increasing_density
D:9:      layout_irregular_city, kennysheep_mini, mainiacjoe_overflow_paths,
          kennysheep_cluttered_room
D:10:     layout_loops_ring, nicolae_wu_jian_wuxing_cycle,
          hellmonk_lair_entry_icy, nicolae_trove_entry_free_sample,
          nicolae_elevator_lobby_plus
D:11:     layout_big_octagon
D:12:     layout_roguey, david_orc_4, introduction_to_nature_1, uniq_nergalle,
          uniq_josephine
D:13:     layout_long_grid
D:14:     layout_cave_pods, lightli_vaults_fourway_checkpoint
D:15:     hangedman_depths_entry_try_elsewhere_first, layout_loops_ring,
          minmay_stone_trees_small
Lair:1:   layout_gridlike, grunt_forest_large_clearings, grunt_megastairs_4,
          infiniplex_staircase_pool_2
Lair:2:   layout_roguey, alex1729_swamp_entry_worm_eleionoma,
          nicolae_snake_entry_squirm, portal_ice_cave_entry_ice_simulacra,
          chequers_serial_rivers_micro_c, infiniplex_staircase_pool,
          serial_bayou_shore_a
Lair:3:   layout_gridlike
Lair:4:   layout_regular_city, slime_entry_1, gauntlet_entry_generic,
          st_stairs_11, pdpol_lair_cabin_in_the_woods, grunt_megastairs_3,
          uniq_kirke, uniq_urug
Lair:5:   hangedman_lair_tendril_chambers, layout_regular_city
Orc:1:    layout_diamond_mine, nicolae_orc_beogh_chapel, mines2_david
Orc:2:    pf_orc_diabolical, layout_diamond_mine, serial_shops,
          bzr_entry_customers, nicolae_orc_rockfall, kennysheep_orc_sif_temple
Elf:1:    minmay_elf_arrival_plus, layout_loops_cross, minmay_elf_necromancy,
          minmay_shoptagon
Elf:2:    nicolae_elf_blades_splatter_lattice [infiniplex_blade_entry_pillars],
          layout_geoelf_diagonals, grunt_megastairs_1, uniq_asterion,
          uniq_zenata, uniq_norris, uniq_jorgrun

Skill      XL: |  1  2  3  4  5  6  7  8  9 10 11 12 13 14 15 16 17 |
---------------+----------------------------------------------------+-----
Maces & Flails | 4 5 7 8 10 14 15 16 | 16.1
Shields        | 4 7 10 | 10.3
Invocations    | 3 9 10 14 | 14.1
Fighting       | 8 13 15 | 15.0
Armour         | 2 8 9 |  9.1
Dodging        | 9 12 | 12.3
Evocations     | 4 9 |  9.1

Action                     |  1- 3 |  4- 6 |  7- 9 | 10-12 | 13-15 | 16-18 || total
---------------------------+-------+-------+-------+-------+-------+-------++-------
  Melee: Mace              |    82 |    52 |       |       |       |       ||   134
         Headbutt          |    15 |    27 |    49 |   192 |   442 |   250 ||   975
         Flail             |       |    67 |   122 |       |       |       ||   189
         Morningstar       |       |       |   152 |   665 |   929 |       ||  1746
         Unarmed           |       |       |       |       |     3 |       ||     3
         Eveningstar       |       |       |       |       |   444 |   770 ||  1214
 Invoke: Summon Divine War |       |       |       |     1 |     9 |     5 ||    15
         Divine Shield     |       |       |       |       |       |     1 ||     1
  Evoke: Wand              |       |       |       |     1 |     1 |     2 ||     4
         Condenser vane    |       |       |       |       |       |     1 ||     1
    Use: Scroll            |       |       |    13 |    16 |     6 |     5 ||    40
         Potion            |       |       |     4 |     7 |     3 |    12 ||    26
 Armour: Robe              |    53 |    83 |    97 |   338 |    97 |       ||   668
         Acid dragon scale |       |       |       |       |   312 |       ||   312
         Skin              |       |       |       |       |     3 |       ||     3
         Fire dragon scale |       |       |       |       |    70 |   452 ||   522
         Troll leather arm |       |       |       |       |    64 |       ||    64
  Dodge: Dodged            |    45 |    70 |    40 |    78 |   153 |    72 ||   458
  Block: Tower shield      |       |       |   438 |  1184 |  1983 |   987 ||  4592

Table legend: (Time is in decaauts)
 A = Elapsed time spent in this place.
 B = Non-inter-level travel time spent in this place.
 C = Inter-level travel time spent in this place.
 D = Time resting spent in this place.
 E = Time spent auto-exploring this place.
 F = Levels seen in this place.
 G = Mean time per level.
                   A        B        C        D        E       F      G
               +--------+--------+--------+--------+--------+-----+--------+
         Total |  33700 |  31917 |   1783 |   6323 |  19055 |  28 | 1203.6 |
       Dungeon |  16958 |  15893 |   1065 |   1597 |  11164 |  15 | 1130.5 |
          Lair |  10188 |   9852 |    336 |   2774 |   5402 |   5 | 2037.6 |
  Orcish Mines |   3096 |   2746 |    350 |    979 |   1160 |   2 | 1548.0 |
   Elven Halls |   2547 |   2517 |     30 |    950 |    944 |   2 | 1273.5 |
         Abyss |    288 |    288 |      0 |      2 |    140 |   1 |  288.0 |
        Bazaar |    106 |    106 |      0 |      0 |     84 |   1 |  106.0 |
      Ice Cave |     73 |     73 |      0 |      0 |      0 |   1 |   73.0 |
      Gauntlet |    441 |    441 |      0 |     20 |    161 |   1 |  441.0 |
               +--------+--------+--------+--------+--------+-----+--------+

Top non-repeatable levels by time:
  Lair:5: 2690 daAuts
  Lair:2: 2518 daAuts
   Orc:2: 2317 daAuts
  Lair:3: 1984 daAuts
    D:10: 1949 daAuts
    D:12: 1934 daAuts
  Lair:4: 1886 daAuts
   Elf:1: 1740 daAuts
     D:8: 1542 daAuts
    D:15: 1471 daAuts
    D:14: 1219 daAuts
  Lair:1: 1108 daAuts
     D:7: 1081 daAuts
    D:11: 1047 daAuts
    D:13: 992 daAuts
